 Dungeon Crawl Stone Soup version 0.31-a0-920-g28cbb04a8c (webtiles) character file.

Game seed: 2998952021059479593

515 javelincjr the Poker (level 7, -1/47 (54) HPs)
             Began as a Demonspawn Gladiator on Oct 17, 2023.
             Slain by an orc
             ... wielding a +2 flail of draining
              (2 damage)
             ... on level 4 of the Dungeon.
             The game lasted 00:08:20 (2854 turns).

javelincjr the Poker (Demonspawn Gladiator)         Turns: 2854, Time: 00:08:20

HP:   -1/47 (54)    AC:  4    Str: 22    XL:     7   Next: 0%
MP:   7/7           EV: 13    Int: 10    God:
Gold: 130           SH:  0    Dex: 14    Spells: 5/6 levels left

rFire   . . .        f - +1 spear (venom)
rCold   . . .        (no shield)
rNeg    + . .        b - +0 leather armour
rPois   .            (helmet restricted)
rElec   .            A - scarf {+Inv}
rCorr   .            u - +0 pair of gloves
SInv    .            (no boots)
Will    .....        (no amulet)
Stlth   +            l - +6 ring of strength
HPRegen 0.27/turn    t - ring of positive energy
MPRegen 0.10/turn

%: no passive effects
@: heavily drained
A: antennae 1, demonic guardian 1, powered by death 1
a: Evoke Invisibility


You were on level 4 of the Dungeon.
You visited 1 branch of the dungeon, and saw 4 of its levels.

You collected 130 gold pieces.

Inventory:

Hand Weapons
 a - a +0 trident
 f - a +1 spear of venom (weapon)
 x - a +3 dagger of flaming
Missiles
 d - 3 throwing nets (quivered)
 e - a javelin
 k - 11 poisoned darts
 z - 3 boomerangs
Armour
 b - a +0 leather armour (worn)
 c - a +0 helmet
 u - a +0 pair of gloves (worn)
 v - a +0 chain mail
 A - a scarf of invisibility (worn)
Jewellery
 h - a ring of ice
 l - a +6 ring of strength (left hand)
 t - a ring of positive energy (right hand)
Wands
 y - a wand of polymorph (8)
Scrolls
 g - a scroll of enchant weapon {unknown}
 m - 2 scrolls of noise {unknown}
 n - a scroll of teleportation {unknown}
 q - 3 scrolls of identify {unknown}
 r - a scroll of immolation {unknown}
 s - 2 scrolls of amnesia {unknown}
Potions
 i - a potion of cancellation {unknown}
 j - 2 potions of degeneration {unknown}
 o - a potion of resistance {unknown}
 p - a potion of berserk rage {unknown}
 w - 3 potions of heal wounds {unknown}


   Skills:
 + Level 4.0 Fighting
 + Level 4.2 Polearms
 - Level 2.7 Throwing
 + Level 2.2 Armour
 + Level 4.2 Dodging
 + Level 0.9 Evocations


You had 5 spell levels left.
You knew the following spells:

 Your Spells              Type           Power      Damage    Failure   Level
a - Magic Dart            Conj           0%         1d3       41%         1

Your spell library contained the following spells:

 Spells                   Type           Power      Damage    Failure   Level
 Call Imp                 Summ           0%         N/A       54%         2
 Sublimation of Blood     Necr           0%         N/A       54%         2
 Wereblood                Tmut           0%         N/A       54%         2
 Mephitic Cloud           Conj/Pois/Air  0%         N/A       78%         3
 Stone Arrow              Conj/Erth      0%         3d7       78%         3
 Animate Armour           Summ/Erth      0%         N/A       99%         4
 Summon Hydra             Summ           0%         N/A       100%        7
 Lehudib's Crystal Spear  Conj/Erth      0%         10d2      100%        8


Dungeon Overview and Level Annotations

Branches:
Dungeon (4/15)
 Temple: D:4-7

Altars:


Innate Abilities, Weirdness & Mutations

You have a pair of small antennae on your head.
A weak demonic guardian rushes to your aid.
You regenerate a little health from kills.


Message History

The orc misses you.
You kill the orc wizard!
The orc attacks as it pursues you! The orc hits you but does no damage.
You have reached level 7!
You closely miss the orc.
The orc zaps a wand.
You resist with some effort.
You miss the orc. The orc barely misses you. The orc closely misses you.
You bump into the rock wall.
The orc hits you with a +0 club.
The orc hits you with a +2 flail of draining!
You partially resist.
You feel drained. The orc barely misses you.
You barely miss the orc.
The orc hits you with a +2 flail of draining!
You partially resist.
You feel drained. The orc closely misses you.
The orc attacks as it pursues you! The orc barely misses you.
The orc hits you but does no damage.
You bump into the rock wall.
The orc barely misses you. The orc hits you with a +0 club.
You closely miss the orc. The orc completely misses you.
The orc hits you with a +0 club. The orc attacks as it pursues you!
The orc hits you with a +2 flail of draining.
You partially resist.
You feel drained. The orc hits you with a +0 club.
The orc completely misses you.
You barely miss the orc.
You feel less confused.
The orc hits you with a +2 flail of draining.
You partially resist.
You feel drained. The orc hits you but does no damage.
You closely miss the orc.
The orc hits you with a +2 flail of draining!
* * * LOW HITPOINT WARNING * * *
You partially resist.
You feel drained.
* * * LOW HITPOINT WARNING * * *
A demonic guardian appears!
The orc closely misses you.
You completely miss the orc. The orc completely misses you.
The orc closely misses you.
You hit the orc but do no damage.
The orc is poisoned.
The orc hits you with a +2 flail of draining!
* * * LOW HITPOINT WARNING * * *
You partially resist.
You feel drained.
You die...

#.....## ##...
#......######....#
#........#.....#
##.....##.....#
#......###..###
#.....## #.)#.# .
#.....# ##...## ..
##...### ##o....####
... #...##
##@o.......#### # ...
##..##
##.5....###....#####
...###..## ##.......#
####...... #...#...#
##........# ####...
#.....## ##.........#
#... ##....##
##..........# ##...
#.....####...........#
##....
#.....##.<..#.......##
#.....
...........##.......#
##.....


You could see 2 orcs and a friendly iron imp (summoned).

Vanquished Creatures
  Sigmund (D:3)
  2 ogres
  An orc wizard (D:4)
  4 gnolls (D:2)
  5 adders
  3 worms
  2 orcs
  7 ball pythons
  5 endoplasms
  A giant cockroach (D:2)
  16 goblins
  6 hobgoblins
  6 kobolds
  3 quokkas
  4 bats
  5 frilled lizards
  6 rats
77 creatures vanquished.

Notes
Turn   | Place    | Note
-------+----------+-------------------------------------------
     0 | D:1      | javelincjr the Demonspawn Gladiator began the quest for the
                  | Orb.
     0 | D:1      | Reached XP level 1. HP: 16/16 MP: 1/1
   261 | D:1      | Gained mutation: You regenerate a little health from kills.
                  | [demonic ancestry]
   261 | D:1      | Reached XP level 2. HP: 22/22 MP: 2/2
   287 | D:1      | Found a faded altar of an unknown god.
   365 | D:1      | Learned a level 1 spell: Magic Dart
  1041 | D:2      | Reached XP level 3. HP: 28/28 MP: 3/3
  1222 | D:2      | Reached XP level 4. HP: 34/34 MP: 4/4
  1873 | D:3      | Gained mutation: You have a pair of small antennae on your
                  | head. [demonic ancestry]
  1873 | D:3      | Reached XP level 5. HP: 34/41 MP: 5/5
  2006 | D:3      | Noticed Sigmund
  2020 | D:3      | Killed Sigmund
  2021 | D:3      | Reached skill level 1 in Armour
  2021 | D:3      | Gained mutation: A weak demonic guardian rushes to your
                  | aid. [demonic ancestry]
  2021 | D:3      | Reached XP level 6. HP: 16/47 MP: 6/6
  2825 | D:4      | Paralysed by an orc for 2 turns
  2840 | D:4      | Reached XP level 7. HP: 51/54 MP: 7/7
  2854 | D:4      | HP: 1/48 [orc/+2 flail of draining (9)]
  2854 | D:4      | Slain by an orc

Illustrated notes

Levels and vault maps discovered:
D:1:      dpeg_arrival_long_road, layout_basic,
          dreamdust_ecumenical_altar_statues
D:2:      layout_rooms, chequers_garden, minmay_misc_feat_tower
D:3:      layout_loops_ring, minmay_pentangle, uniq_sigmund
D:4:      layout_cave_pods, mainiacjoe_overflow_alcove_3, minmay_ogre_servants,
          uniq_grinder

Skill      XL: |  1  2  3  4  5  6 |
---------------+-------------------+-----
Throwing       | 2 |  2.7
Polearms       | 3 4 |  4.2
Dodging        | 3 4 |  4.2
Fighting       | 3 4 |  4.0
Armour         | 1 2 |  2.2
Evocations     | |  0.9

Action                     |  1- 3 |  4- 6 |  7- 9 || total
---------------------------+-------+-------+-------++-------
  Melee: Spear             |    89 |   142 |     8 ||   239
         Trident           |     3 |       |       ||     3
         Punch             |       |     2 |       ||     2
   Stab: Sleeping          |     2 |     1 |       ||     3
         Distracted        |     1 |     1 |       ||     2
 Armour: Leather armour    |    23 |    46 |    12 ||    81
  Dodge: Dodged            |    57 |    54 |    11 ||   122

Table legend: (Time is in decaauts)
 A = Elapsed time spent in this place.
 B = Non-inter-level travel time spent in this place.
 C = Inter-level travel time spent in this place.
 D = Time resting spent in this place.
 E = Time spent auto-exploring this place.
 F = Levels seen in this place.
 G = Mean time per level.
                   A        B        C        D        E       F      G
               +--------+--------+--------+--------+--------+-----+--------+
         Total |   2835 |   2704 |    131 |    215 |   1954 |   4 |  708.8 |
       Dungeon |   2835 |   2704 |    131 |    215 |   1954 |   4 |  708.8 |
               +--------+--------+--------+--------+--------+-----+--------+

Top non-repeatable levels by time:
     D:1: 956 daAuts
     D:3: 938 daAuts
     D:2: 670 daAuts
     D:4: 269 daAuts
